 Dungeon Crawl Stone Soup version 0.30.1-4-g462c640d31 (webtiles) character file.

Game seed: 5810496007912143908

13 CarvArkoylaein the Charlatan (level 2, -5/20 HPs)
             Began as a Draconian Wanderer on Sept 2, 2023.
             Was a Follower of the Shining One.
             Slain by a gnoll
             ... wielding a +0 spear
              (8 damage)
             ... on level 2 of the Dungeon.
             The game lasted 00:05:50 (311 turns).

CarvArkoylaein the Charlatan (Draconian Wanderer)    Turns: 311, Time: 00:05:54

Health: -5/20      AC:  4    Str: 12    XL:     2   Next: 24%
Magic:  1/3        EV: 11    Int: 13    God:    the Shining One [*.....]
Gold:   33         SH:  0    Dex: 11    Spells: 2/3 levels left

rFire   . . .        g - +0 dagger
rCold   . . .        (no shield)
rNeg    . . .        (body armour unavailable)
rPois   .            (helmet restricted)
rElec   .            (no cloak)
rCorr   .            (no gloves)
SInv    .            (no boots)
Will    .....        (no amulet) Stlth
                     (no ring)
HPRegen 0.23/turn    (no ring)
MPRegen 0.08/turn

%: no passive effects
@: silenced, glowing
A: AC +4, unfitting armour, cold-blooded
a: Renounce Religion


You were on level 2 of the Dungeon.
You worshipped the Shining One.
The Shining One was aware of your devotion.
You visited 1 branch of the dungeon, and saw 2 of its levels.

You collected 33 gold pieces.

Inventory:

Hand Weapons
 a - a +0 club
 g - a +0 dagger (weapon)
Armour
 e - a +0 robe
Wands
 c - a wand of flame (5)
Scrolls
 h - a scroll of blinking {unknown}


   Skills:
 + Level 1.0 Dodging
 + Level 1.0 Spellcasting
 + Level 1.1 Conjurations
 + Level 3.2 Fire Magic
 + Level 4.3 Evocations


You had 2 spell levels left.
You knew the following spells:

 Your Spells              Type           Power      Damage    Failure   Level
a - Foxfire               Conj/Fire      24%        2x1d5     12%         1

Your spell library contained the following spells:

 Spells                   Type           Power      Damage    Failure   Level
 Searing Ray              Conj           6%         2d4       26%         2
 Static Discharge         Conj/Air       4%         2-3/arc   34%         2
 Volatile Blastmotes      Fire/Tloc      8%         2d10      41%         3
 Ignite Poison            Fire/Tmut/Pois 3%         N/A       47%         3


Dungeon Overview and Level Annotations

Branches:
Dungeon (2/15)

Altars:
The Shining One


Innate Abilities, Weirdness & Mutations

Your plain brown scales are hard. (AC +4)
You cannot fit into any form of body armour.
You are cold-blooded and may be slowed by cold attacks.


Message History

The gnoll barely misses you.
You hit the gnoll.
The gnoll is moderately wounded.
The gnoll barely misses you.
A hobgoblin comes into view.
You hit the gnoll but do no damage.
The gnoll is moderately wounded.
The gnoll hits you with a +0 spear.
A worm comes into view.
Casting: Foxfire (safe; 12% risk of failure)
Press: ? - help, Q - select action, (/) - cycle Dir - look around, f - activate Look: a gnoll, wielding a +0 spear (moderately wounded, haloed)
You conjure some foxfire!
A gnoll comes into view. It is wielding a +0 whip.
The gnoll hits you with a +0 spear.
You hit the gnoll but do no damage.
The gnoll is moderately wounded.
The gnoll closely misses you.
Your foxfire dissipates!
The gnoll hits you but does no damage.
You see here a ball python corpse.
Casting: Foxfire (safe; 12% risk of failure)
Press: ? - help, Q - select action, (/) - cycle Dir - look around, f - activate You conjure some foxfire!
The gnoll hits you from afar with a +0 spear.
The gnoll closely misses you.
You see here a ball python corpse.
Your foxfire dissipates!
The gnoll hits you from afar with a +0 spear!
* * * LOW HITPOINT WARNING * * *
The foxfire hits the gnoll.
The gnoll is heavily wounded.
A giant cockroach comes into view.
The giant cockroach waves its antennae.
Read: scroll of silence
Press: ? - help, Q - select action, (/) - cycle Dir - look around, f - activate
As you read the scroll of silence, it crumbles to dust.
A profound silence engulfs you.
The gnoll hits you from afar with a +0 spear!
You die...

.## ... #..
♣♣P♣# ♣....
♣.P.###
♣.@§# ♣g#§#
..B#g#
.....#g#
......g#b#
......w...
#..B.......
##........##
....###


You could see a worm, 3 gnolls, 2 giant cockroaches, a hobgoblin and a bat.

Vanquished Creatures
  A ball python (D:2)
  A bat (D:1)
  A giant cockroach (D:1)
  A goblin (D:1)
  A hobgoblin (D:1)
  2 quokkas (D:1)
  A frilled lizard (D:1)
  A kobold (D:1)
  3 rats (D:1)
12 creatures vanquished.

Vanquished Creatures (others)
  8 foxfires
8 creatures vanquished.

Grand Total: 20 creatures vanquished

Notes
Turn   | Place    | Note
-------+----------+-------------------------------------------
     0 | D:1      | CarvArkoylaein the Draconian Wanderer began the quest for
                  | the Orb.
     0 | D:1      | CarvArkoylaein set off with the following items: a +0 club,
                  | a scroll of silence, a wand of flame (5); and the following
                  | spell memorised: Foxfire; and the following spells
                  | available to memorise: Searing Ray, Static Discharge,
                  | Volatile Blastmotes, Ignite Poison.
     0 | D:1      | Reached XP level 1. HP: 14/14 MP: 2/2
    92 | D:1      | Found a faded altar of an unknown god.
   114 | D:1      | Prayed at the altar of an unknown god.
   114 | D:1      | Became a worshipper of the Shining One
   114 | D:1      | Reached * piety under the Shining One
   128 | D:1      | Reached XP level 2. HP: 11/20 MP: 3/3
   311 | D:2      | Slain by a gnoll

Illustrated notes

Levels and vault maps discovered:
D:1:      erik_arrival_orb_chamber, layout_loops_corners,
          hellmonk_ecumenical_altar_crossroads, serial_shops, shop
D:2:      layout_loops_ring, serial_forest, infiniplex_forest_clump_tiny,
          infiniplex_forest_corner_1, infiniplex_forest_clump_tiny,
          infiniplex_forest_lined_ring, infiniplex_forest_diagonal

Action                     || total
---------------------------++-------
  Melee: Club              ||    11
         Tailslap          ||     3
         Punch             ||     1
         Dagger            ||    15
   Cast: Foxfire           ||     6
    Use: Scroll            ||     3
 Armour: Skin              ||    11
  Dodge: Dodged            ||    22
